 Dungeon Crawl Stone Soup version 0.30-a0-719-gcc4359ea44 (webtiles) character file.

Game seed: 14349973217973414813

4470 Newt the Knight (level 10, -1/76 HPs)
             Began as a Demonspawn Gladiator on Jan 26, 2023.
             Was a Priest of Okawaru.
             Killed from afar by an acid dragon (22 damage)
             ... with a splash of acid
             ... on level 8 of the Dungeon.
             The game lasted 00:08:16 (8116 turns).

Newt the Knight (Demonspawn Gladiator)              Turns: 8116, Time: 00:08:17

Health: -1/76      AC: 17    Str: 22    XL:     10   Next: 15%
Magic:  0/16       EV: 10    Int: 10    God:    Okawaru [***...]
Gold:   456        SH: 21    Dex: 14    Spells: 9/9 levels left

rFire   . . .      SeeInvis .    L - +4 war axe (freeze)
rCold   + . .      Faith    .    u - +5 kite shield of Contentment {Str+3}
rNeg    + . .      Spirit   +    D - +0 pearl dragon scales
rPois   .          Reflect  .    (helmet restricted)
rElec   .          Harm     .    i - +0 cloak
rCorr   .          Rampage  .    p - +0 pair of gloves
Will    .....                    (no boots) Stlth
                                 s - amulet of guardian spirit
HPRegen 0.32/turn                l - ring of protection from cold
MPRegen 0.15/turn                r - +4 ring of protection

@: no status effects
A: horns 2, large bone plates 2, ignite blood 1, spiny 1
a: Renounce Religion, Heroism


You were on level 8 of the Dungeon.
You worshipped Okawaru.
Okawaru was most pleased with you.
You visited 2 branches of the dungeon, and saw 9 of its levels.

You collected 456 gold pieces.

Inventory:

Hand Weapons
 a - a +0 rapier
 t - a +2 whip of venom
 K - a +4 war axe
 L - a +4 war axe of freezing (weapon)
Missiles
 d - 3 throwing nets (quivered)
 j - a javelin
 n - 6 poisoned darts
Armour
 b - a +0 leather armour
 c - a +0 helmet
 e - a +1 robe of willpower
 i - a +0 cloak (worn)
 p - a +0 pair of gloves (worn)
 u - the +5 kite shield of Contentment (worn) {Str+3}
   (You acquired it on level 6 of the Dungeon)

   Str:       It affects your strength (+3).
 D - +0 pearl dragon scales (worn)
Jewellery
 h - an amulet of faith
 l - a ring of protection from cold (left hand)
 r - a +4 ring of protection (right hand)
 s - an amulet of guardian spirit (around neck)
 w - a ring of protection from fire
 x - a ring of resist corrosion
Wands
 B - a wand of roots (14)
 C - a wand of quicksilver (12)
Scrolls
 o - a scroll of teleportation
 y - 2 scrolls of amnesia
 A - a scroll of identify
 E - 3 scrolls of vulnerability {unknown}
 G - a scroll of poison
Potions
 f - 2 potions of attraction
 g - 2 potions of heal wounds
 k - 2 potions of flight
 m - a potion of berserk rage
 q - 2 potions of resistance
 v - a potion of mutation
 z - a potion of invisibility
 F - a potion of cancellation
 H - a potion of brilliance
 I - 2 potions of curing
 J - a potion of ambrosia


   Skills:
 - Level 6.0 Fighting
 - Level 2.6 Short Blades
 - Level 4.0 Maces & Flails
 - Level 5.0 Throwing
 - Level 3.0 Armour
 + Level 5.7 Dodging
 - Level 2.0 Stealth
 - Level 6.0 Shields
 - Level 9.0 Invocations


You had 9 spell levels left.
You didn't know any spells.
Your spell library contained the following spells:

 Spells                   Type           Power      Damage    Failure   Level
 Blink                    Tloc           0%         N/A       99%         2
 Ensorcelled Hibernation  Hex/Ice        0%         N/A       99%         2
 Lesser Beckoning         Tloc           0%         N/A       99%         2
 Momentum Strike          Conj/Tloc      0%         3d8       99%         2
 Passwall                 Tmut/Erth      0%         N/A       99%         2
 Swiftness                Air            0%         N/A       100%        3


Dungeon Overview and Level Annotations

Branches:
Dungeon (8/15)             Temple (1/1) D:5            Lair (0/5) D:8

Altars:
Dithmenos
Fedhas
Gozag
Hepliaklqana
Makhleb
Nemelex Xobeh
Okawaru
Qazlal
Ru
Sif Muna
Trog
Uskayaw
Vehumet
Wu Jian
Xom
Yredelemnul

Shops:
D:5 (   D:6 :


Innate Abilities, Weirdness & Mutations

You have a pair of horns on your head.
You are mostly covered in large bone plates. (SH +6)
Your demonic aura sometimes causes spilled blood to erupt in flames.
You are partially covered in sharp spines.


Message History

Things that are here:
+0 acid dragon scales; an acid dragon corpse A killer bee comes into view.
Found a bronze wand.
Found a potion of heal wounds.
The steam dragon breathes steam at you. The ball of steam misses you.
You see here 3 scrolls labelled JAIFOO POULUM.
E - 3 scrolls labelled JAIFOO POULUM You are engulfed in a cloud of scalding steam.
A gnoll bouda comes into view. It is wielding a +0 great sword.
You are engulfed in a cloud of scalding steam.
* * * LOW HITPOINT WARNING * * *
The gnoll bouda moves out of view.
The steam dragon barely misses you. You block the steam dragon's attack.
You slash the steam dragon! You freeze the steam dragon.
You headbutt the steam dragon.
The steam dragon is heavily wounded.
You block the steam dragon's attack. x2
The steam dragon is struck by your spines.
The steam dragon bites you.
* * * LOW HITPOINT WARNING * * *
The steam dragon claws you but does no damage.
You slash the steam dragon! You freeze the steam dragon.
You kill the steam dragon!
Okawaru accepts your kill.
The steam dragon scales are intact enough to wear.
g - 2 potions of heal wounds (gained 1)
There are no items here.
You block the killer bee's attack. x2
You slash the killer bee! You freeze the killer bee.
Your headbutt misses the killer bee.
The killer bee is severely wounded.
You hear the faint creaking of a portcullis nearby.
You hear a loud, deep croak!
You block the killer bee's attack. x2; The orc warrior throws a stone.
The stone barely misses you. The acid dragon spits acid at you.
The splash of acid hits you!!
You die...

***~,,,,,,,,,,,,,,,,,,,****#.....
,>*~,,,,,....,,,,,,,,,,,,........
,,*~,,,,,.o..,,,,,,,,,,,#.......#
,,*~,,*,,.....,,,,,,,,,,.........
,,*~,,*,,.....,,,,,,,,,*#.#...#.#
,∩*~,,*,,,,....,,,,,,,,,..#####..
***~,,,,,,,,*..####**##**## *####
~~~~,,,,,**,*,#.#y###/#*#!#*#)#**
,,,,,,>,**,,,,##@#[#.#,#.#,#D#,#.
,,,,,,,,,,,,,,#.#.#D###.#*#.#*#5#
,,,,**,*,*,,,,##.#.#y#.#,#.#,#.#,
,,,,**,*,*,,,,*##.#.#[###F#*#.#*#
,,,,**,*,*,,,,*#.#.#.#.#.#,#.#,#.
,,,,,,,,,****,#.###.#†#†###.#*#.#
,<,,,,,,,* *,##,#.#.#.#.#.#,#.#,
,,,,,,,,,* *,**#.###.#D#†###.#*#
,,,,,,,,,****,*#.#,#.#.#.#.#.#,#.


You could see an orc warrior, an acid dragon (catching breath) and a killer bee.

Vanquished Creatures
  Pikel (D:6)
  Prince Ribbit (D:6)
  Sigmund (D:2)
  A yak (D:8)
  A steam dragon (D:8)
  2 acid dragons (D:8)
  3 water moccasins
  An orc warrior (D:7)
  2 ice beasts (D:7)
  2 black bears
  2 sky beasts (D:7)
  2 ogres
  A lemure (D:7)
  2 phantoms
  3 bullfrogs
  3 scorpions
  3 necrophages
  A gnoll sergeant (D:7)
  A water moccasin zombie (D:4)
  6 wights
  A killer bee (D:8)
  2 jellies (D:6)
  4 hounds
  3 orc priests (D:6)
  2 iguanas
  2 orc wizards
  5 scorpion zombies (D:4)
  4 hound zombies (D:4)
  2 hound skeletons (D:4)
  7 gnolls (D:7)
  9 adders
  A white imp (D:8)
  An ufetubus (D:6)
  4 worms
  An adder skeleton (D:4)
  4 dart slugs
  11 orcs
  9 bats
  9 endoplasms
  6 giant cockroaches
  9 hobgoblins
  3 jackals (D:2)
  3 quokkas
  4 ball pythons
  3 frilled lizards
  7 goblins
  4 kobolds
  4 rats
163 creatures vanquished.

Vanquished Creatures (others)
  A killer bee (D:8)
  A fungus (D:7)
  5 withered plants (D:4)
7 creatures vanquished.

Grand Total: 170 creatures vanquished

Notes
Turn   | Place    | Note
-------+----------+-------------------------------------------
     0 | D:1      | Newt the Demonspawn Gladiator began the quest for the Orb.
     0 | D:1      | Reached XP level 1. HP: 16/16 MP: 1/1
    84 | D:1      | Reached skill level 1 in Stealth
    98 | D:1      | Gained mutation: Your demonic aura sometimes causes spilled
                  | blood to erupt in flames. [demonic ancestry]
    98 | D:1      | Reached XP level 2. HP: 12/22 MP: 2/2
   623 | D:1      | Gained mutation: You are partially covered in sharp spines.
                  | [demonic ancestry]
   623 | D:1      | Reached XP level 3. HP: 28/28 MP: 3/3
   702 | D:1      | Found a faded altar of an unknown god.
   939 | D:2      | Noticed Sigmund
  1664 | D:2      | Killed Sigmund
  1665 | D:2      | Reached XP level 4. HP: 31/37 MP: 4/4
  1665 | D:2      | Reached XP level 5. HP: 36/42 MP: 5/5
  2291 | D:2      | Gained mutation: You are partially covered in large bone
                  | plates. (SH +4) [demonic ancestry]
  2291 | D:2      | Reached XP level 6. HP: 48/48 MP: 6/6
  2551 | D:3      | Found a shimmering altar of Xom.
  2554 | D:3      | Found an opulent altar of Gozag.
  2554 | D:3      | Found a hide-covered altar of Uskayaw.
  2554 | D:3      | Found a hazy altar of Hepliaklqana.
  2955 | D:4      | Found Qeetymiu's Antique Weapon Boutique.
  3011 | D:4      | Reached skill level 5 in Throwing
  3179 | D:4      | Reached skill level 5 in Fighting
  3185 | D:4      | Reached XP level 7. HP: 36/56 MP: 5/7
  3432 | D:4      | Reached skill level 1 in Maces & Flails
  3649 | D:4      | Found a shadowy altar of Dithmenos.
  4060 | D:5      | Entered Level 5 of the Dungeon
  4108 | D:5      | Found a staircase to the Ecumenical Temple.
  4119 | D:5      | Found Quwunakhlapn's Weapon Shoppe.
  4138 | D:5      | Found a shimmering blue altar of Sif Muna.
  4329 | D:5      | Gained mutation: You have a pair of small horns on your
                  | head. [demonic ancestry]
  4329 | D:5      | Reached XP level 8. HP: 49/64 MP: 4/8
  4447 | D:5      | Found a burning altar of Makhleb.
  4573 | D:5      | Reached skill level 1 in Armour
  4641 | D:5      | Found a blossoming altar of Fedhas.
  5298 | Temple   | Entered the Ecumenical Temple
  5381 | Temple   | Became a worshipper of Warmaster Okawaru
  5492 | D:6      | Reached skill level 1 in Invocations
  5586 | D:6      | Found a sparkling altar of Nemelex Xobeh.
  5622 | D:6      | Reached skill level 2 in Invocations
  5624 | D:6      | Identified a scroll of acquirement
  5624 | D:6      | Acquired the +5 kite shield of Contentment {Str+3}
  5638 | D:6      | Noticed Prince Ribbit
  5644 | D:6      | Killed Prince Ribbit
  5645 | D:6      | Reached skill level 3 in Invocations
  5793 | D:6      | Found Zeneuzxu's Book Boutique.
  6554 | D:7      | Reached * piety under Okawaru
  6566 | D:7      | Noticed Pikel
  6591 | D:6      | Reached skill level 5 in Shields
  6591 | D:6      | Gained mutation: You have a pair of horns on your head.
                  | [demonic ancestry]
  6591 | D:6      | Reached XP level 9. HP: 37/69 MP: 7/11
  6597 | D:6      | Killed Pikel
  6598 | D:6      | Reached skill level 4 in Invocations
  6761 | D:7      | Reached skill level 5 in Invocations
  6897 | D:7      | Reached skill level 6 in Invocations
  7014 | D:7      | Reached skill level 7 in Invocations
  7098 | D:7      | Reached ** piety under Okawaru
  7099 | D:7      | Reached skill level 8 in Invocations
  7586 | D:7      | Noticed an angel
  7690 | D:7      | Reached skill level 9 in Invocations
  8090 | D:8      | Gained mutation: You are mostly covered in large bone
                  | plates. (SH +6) [demonic ancestry]
  8090 | D:8      | Reached XP level 10. HP: 51/76 MP: 11/16
  8092 | D:8      | Reached skill level 5 in Dodging
  8093 | D:8      | Reached *** piety under Okawaru
  8116 | D:8      | Killed from afar by an acid dragon

Illustrated notes

Levels and vault maps discovered:
D:1:      minmay_arrival_shattered_statue, layout_loops_ring,
          shapermc_ecumenical_altar_pompeii
D:2:      minmay_chambers_of_ones, layout_basic,
          amcnicky_mini_rare_corridor_liquid, minmay_box_of_dots, uniq_sigmund
D:3:      layout_basic, grunt_temple_overflow_open
D:4:      layout_loops_ring, grunt_dithmenos_smoke, serial_undead,
          serial_undead_f, serial_undead_a, serial_undead_b, serial_undead_d,
          serial_undead_a, serial_shops, nicolae_diamond_shop,
          minmay_misc_feat_more_columns
D:5:      layout_layer_cave, mainiacjoe_overflow_six_doors_small,
          lemuel_round_altar, mainiacjoe_overflow_24_doors,
          minmay_temple_entry_statues_pillars, serial_shops, shop_statue
D:6:      layout_basic, mainiacjoe_overflow_boulevard, serial_shops,
          nicolae_shop_statue_plus, uniq_prince_ribbit1
D:7:      layout_gridville, zin_angel, dreamdust_gnoll_farm, uniq_pikel
D:8:      minmay_imperfect_grid, layout_basic, lair_entry_dummy, enter_bailey_4
Temple:   jpeg_temple_clearing

Skill      XL: |  1  2  3  4  5  6  7  8  9 10 |
---------------+-------------------------------+-----
Stealth        | 1 2 |  2.0
Fighting       | 4 5 6 |  6.0
Throwing       | 3 4 5 |  5.0
Maces & Flails | 4 |  4.0
Armour         | 3 |  3.0
Invocations    | 3 9 |  9.0
Shields        | 5 6 |  6.0
Dodging        | 4 5 |  5.7
Short Blades   | |  2.6

Action                     |  1- 3 |  4- 6 |  7- 9 | 10-12 || total
---------------------------+-------+-------+-------+-------++-------
  Melee: Rapier            |   109 |   143 |    15 |       ||   267
         Punch             |       |     2 |     3 |       ||     5
         Whip              |       |       |   297 |       ||   297
         Headbutt          |       |       |    47 |     2 ||    49
         War axe           |       |       |     5 |    13 ||    18
  Throw: Throwing net      |     3 |       |       |       ||     3
         Javelin           |     1 |       |       |       ||     1
 Invoke: Heroism           |       |       |     1 |       ||     1
    Use: Scroll            |     3 |     7 |     8 |     1 ||    19
         Potion            |     1 |     1 |     1 |     1 ||     4
   Stab: Sleeping          |     2 |     8 |     6 |       ||    16
         Held in net/web   |     2 |       |       |       ||     2
 Armour: Leather armour    |    29 |    45 |    53 |       ||   127
         Pearl dragon scal |       |       |    29 |     9 ||    38
  Dodge: Dodged            |    59 |    83 |    95 |     9 ||   246
  Block: Other             |       |    24 |    11 |       ||    35
         Kite shield       |       |       |   199 |    29 ||   228

Table legend: (Time is in decaauts)
 A = Elapsed time spent in this place.
 B = Non-inter-level travel time spent in this place.
 C = Inter-level travel time spent in this place.
 D = Time resting spent in this place.
 E = Time spent auto-exploring this place.
 F = Levels seen in this place.
 G = Mean time per level.
                   A        B        C        D        E       F      G
               +--------+--------+--------+--------+--------+-----+--------+
         Total |   8155 |   7718 |    437 |    997 |   5411 |   9 |  906.1 |
       Dungeon |   8061 |   7656 |    405 |    997 |   5360 |   8 | 1007.6 |
        Temple |     93 |     61 |     32 |      0 |     51 |   1 |   93.0 |
               +--------+--------+--------+--------+--------+-----+--------+

Top non-repeatable levels by time:
     D:6: 1299 daAuts
     D:5: 1259 daAuts
     D:7: 1217 daAuts
     D:4: 1192 daAuts
     D:3: 1122 daAuts
     D:1: 987 daAuts
     D:2: 781 daAuts
     D:8: 201 daAuts
  Temple: 93 daAuts
